 Dungeon Crawl Stone Soup version 0.31-a0-152-g6aa68a64a1 (webtiles) character file.

Game seed: 10454134037729689153

181 qw the Shooter (level 5, -3/49 HPs)
             Began as a Naga Hunter on June 9, 2023.
             Was an Initiate of Okawaru.
             Shot themself with an arrow (10 damage)
             ... on level 3 of the Dungeon.
             The game lasted 00:00:38 (1428 turns).

qw the Shooter (Naga Hunter)                        Turns: 1428, Time: 00:00:38

Health: -3/49      AC:  3    Str: 13    XL:     5   Next: 61%
Magic:  5/5        EV:  9    Int:  9    God:    Okawaru [......]
Gold:   48         SH:  0    Dex: 17    Spells: 4/4 levels left

rFire   . . .        Y - +0 shortbow (heavy)
rCold   . . .        (shield currently unavailable)
rNeg    . . .        c - +0 leather armour
rPois   +            (no helmet)
rElec   .            (no cloak)
rCorr   .            (no gloves)
SInv    +            (no barding)
Will    .....        (no amulet)
Stlth   ++           (no ring)
HPRegen 0.28/turn    (no ring)
MPRegen 0.09/turn

%: no passive effects
@: short of breath, very slow
A: AC +1, large, see invisible, deformed body, poison resistance, slowness 2,
spit poison 1, naga tail 1
a: Spit Poison, Renounce Religion


You were on level 3 of the Dungeon.
You worshipped Okawaru.
Okawaru was noncommittal.
You visited 2 branches of the dungeon, and saw 5 of its levels.

You collected 48 gold pieces.


Innate Abilities, Weirdness & Mutations

Your serpentine skin is tough. (AC +1)
You have supernaturally acute eyesight. (SInv)
Armour fits poorly on your strangely shaped body.
Your system is resistant to poisons. (rPois)
You cover ground very slowly.
You can spit poison.
You have a snake-like lower body.


   Skills:
 - Level 3.1 Fighting
 + Level 5.6 Ranged Weapons
 - Level 1.5 Dodging
 - Level 1.5 Stealth


You had 4 spell levels left.
You didn't know any spells.
Your spell library was empty.

Inventory:

Hand Weapons
 Y - a +0 heavy shortbow (weapon)
Armour
 c - a +0 leather armour (worn)
Potions
 b - a potion of might {unknown}
 e - a potion of curing {unknown}
 f - a potion of magic {unknown}
 g - a potion of heal wounds {unknown}
 h - a potion of brilliance {unknown}
 i - a potion of degeneration {unknown}
 n - a potion of enlightenment {unknown}

Dungeon Overview and Level Annotations

Branches:
Dungeon (4/15)             Temple (1/1) D:4

Altars:
Ashenzari
Cheibriados
Fedhas
Gozag
Hepliaklqana
Makhleb
Nemelex Xobeh
Okawaru
Ru
Sif Muna
Trog
Uskayaw
Wu Jian
Xom
Yredelemnul
Zin

Shops:
D:1 *   D:2 (

Annotations:
D:2 Jessica


Message History

You have got your breath back.
The adder barely misses you. The adder bites you.
1386 ||| INVOKING Spit Poison.
Aiming: Spit Poison (1% risk of failure)
Press: ? - help, Shift-Dir - straight line, f/p - adder The splash of poison hits the adder!
The adder is poisoned.
You kill the adder!
Okawaru accepts your kill.
You start resting.
You have got your breath back.
A goblin comes into view. It is wielding a +0 club.
1423 ||| INVOKING Spit Poison.
Aiming: Spit Poison (1% risk of failure)
Press: ? - help, Shift-Dir - straight line, f - goblin The splash of poison reflects off an invisible shield around the goblin!
The splash of poison misses you.
The goblin unwields a +0 club.
The goblin wields a +0 sling.
The goblin shoots a sling bullet.
The sling bullet hits you but does no damage.
You shoot an arrow.
The goblin blocks the arrow with an invisible shield... and reflects it back!
The arrow hits you!
The goblin shoots a sling bullet.
The sling bullet misses you.
You shoot an arrow. The arrow barely misses the goblin.
The goblin shoots a sling bullet.
The sling bullet hits you.
You shoot an arrow.
The goblin blocks the arrow with an invisible shield... and reflects it back!
The arrow hits you!
You have got your breath back.
The goblin shoots a sling bullet.
The sling bullet barely misses you.
1427 ||| INVOKING Spit Poison.
Aiming: Spit Poison (1% risk of failure)
Press: ? - help, Shift-Dir - straight line, f/p - goblin The splash of poison reflects off an invisible shield around the goblin!
The splash of poison misses you.
The goblin shoots a sling bullet.
The sling bullet barely misses you.
You shoot an arrow.
The goblin blocks the arrow with an invisible shield... and reflects it back!
The arrow hits you!
You die...

.# #
..# #.
#.# #..
[..
#..##
##.#
.g.#...
#)..#
#@# #)#
#.# #.#
#.# #.#
#.# ..#


You could see a goblin (reflecting).

Vanquished Creatures
  A scorpion (D:4)
  An iguana (D:4)
  A mummy (D:4)
  3 adders
  A worm (D:1)
  2 dart slugs (D:1)
  3 orcs (D:3)
  A ball python (D:1)
  4 endoplasms
  3 giant cockroaches
  5 goblins
  3 hobgoblins
  4 jackals (D:2)
  3 kobolds
  4 quokkas
  2 bats
  4 rats
45 creatures vanquished.

Notes
Turn   | Place    | Note
-------+----------+-------------------------------------------
     0 | D:1      | qw the Naga Hunter began the quest for the Orb.
     0 | D:1      | Reached XP level 1. HP: 19/19 MP: 1/1
     0 | D:1      | 0 ||| qw: Version: 0.2-a-122-gbc61b45
     0 | D:1      | 0 ||| qw: Game counter: 3298
     0 | D:1      | 0 ||| qw: Always use a shield: true
     0 | D:1      | 0 ||| qw: God list: Okawaru
     0 | D:1      | 0 ||| qw: Allow faded altars: false
     0 | D:1      | 0 ||| qw: Do Orc after D:15 true
     0 | D:1      | 0 ||| qw: Do second Lair branch before Depths: true
     0 | D:1      | 0 ||| qw: Lair rune preference: random
     0 | D:1      | 0 ||| qw: Plans: Normal
     0 | D:1      | 0 ||| PLANNING D:1-11
     3 | D:1      | 3 ||| DROPPING scroll of butterflies.
     7 | D:1      | 7 ||| INVOKING Spit Poison.
    15 | D:1      | 15 ||| INVOKING Spit Poison.
    25 | D:1      | 25 ||| INVOKING Spit Poison.
    31 | D:1      | 31 ||| INVOKING Spit Poison.
    86 | D:1      | 86 ||| INVOKING Spit Poison.
   121 | D:1      | 121 ||| INVOKING Spit Poison.
   122 | D:1      | Reached skill level 4 in Ranged Weapons
   122 | D:1      | Reached XP level 2. HP: 26/26 MP: 2/2
   125 | D:1      | 125 ||| INVOKING Spit Poison.
   222 | D:1      | 222 ||| INVOKING Spit Poison.
   237 | D:1      | 237 ||| INVOKING Spit Poison.
   247 | D:1      | 247 ||| INVOKING Spit Poison.
   269 | D:1      | 269 ||| INVOKING Spit Poison.
   317 | D:1      | 317 ||| INVOKING Spit Poison.
   318 | D:1      | Reached XP level 3. HP: 32/32 MP: 3/3
   340 | D:1      | Found Celurph's Assorted Antiques.
   349 | D:1      | 349 ||| SHOPLISTING amethyst potion (19 gold, have 16).
   349 | D:1      | 349 ||| SHOPLISTING pink potion (19 gold, have 16).
   349 | D:1      | 349 ||| SHOPLISTING scroll labelled SERPHI IWNAFRUBB (22
                  | gold, have 16).
   349 | D:1      | 349 ||| SHOPLISTING scroll labelled TAUCEOTHRIO (22 gold,
                  | have 16).
   379 | D:1      | 379 ||| INVOKING Spit Poison.
   445 | D:1      | 445 ||| INVOKING Spit Poison.
   448 | D:1      | 448 ||| INVOKING Spit Poison.
   570 | D:1      | 570 ||| READING scroll labelled LUEQYS UCRIAZ.
   571 | D:1      | 571 ||| READING scroll labelled VYCOEKARIET.
   572 | D:1      | 572 ||| READING scroll labelled OKUWNI UDDEADO.
   630 | D:1      | 630 ||| READING scroll labelled TATUQER SIZXA.
   631 | D:1      | 631 ||| READING scroll labelled MOKECZ AXTAETT.
   632 | D:1      | 632 ||| READING scroll labelled NIFIWA MEGGI.
   633 | D:1      | 633 ||| READING scroll labelled REOBBE CA HOG.
   656 | D:2      | 656 ||| INVOKING Spit Poison.
   660 | D:2      | 660 ||| INVOKING Spit Poison.
   662 | D:2      | 662 ||| STAIRDANCE
   665 | D:1      | 665 ||| INVOKING Spit Poison.
   665 | D:1      | HP: 5/32 [worm (10)]
   782 | D:2      | 782 ||| INVOKING Spit Poison.
   785 | D:2      | 785 ||| STAIRDANCE
   788 | D:1      | 788 ||| INVOKING Spit Poison.
   849 | D:2      | 849 ||| INVOKING Spit Poison.
   858 | D:2      | 858 ||| INVOKING Spit Poison.
   870 | D:2      | 870 ||| INVOKING Spit Poison.
   907 | D:2      | 907 ||| INVOKING Spit Poison.
   911 | D:2      | 911 ||| INVOKING Spit Poison.
   916 | D:2      | 916 ||| INVOKING Spit Poison.
   919 | D:2      | 919 ||| INVOKING Spit Poison.
   971 | D:2      | Found Atuhyd's Weapon Boutique.
   999 | D:2      | 999 ||| INVOKING Spit Poison.
  1001 | D:2      | Reached skill level 5 in Ranged Weapons
  1001 | D:2      | Reached XP level 4. HP: 39/39 MP: 4/4
  1018 | D:2      | 1018 ||| INVOKING Spit Poison.
  1021 | D:2      | 1021 ||| INVOKING Spit Poison.
  1070 | D:2      | 1070 ||| INVOKING Spit Poison.
  1075 | D:2      | Noticed Jessica
  1075 | D:2      | You fall into a shaft and drop 2 floors!
  1085 | D:4      | Found a staircase to the Ecumenical Temple.
  1086 | D:4      | 1086 ||| PLANNING TEMPLE
  1086 | D:4      | 1086 ||| DROPPING ring of magical power.
  1087 | D:4      | 1087 ||| READING scroll labelled SUOGIU JONITY.
  1092 | D:4      | 1092 ||| INVOKING Spit Poison.
  1099 | Temple   | Entered the Ecumenical Temple
  1121 | Temple   | 1121 ||| PLANNING OKAWARU WORSHIP
  1147 | Temple   | Became a worshipper of Warmaster Okawaru
  1147 | Temple   | 1147 ||| PLANNING D:1-11
  1189 | D:4      | 1189 ||| INVOKING Spit Poison.
  1197 | D:4      | Found a snail-covered altar of Cheibriados.
  1204 | D:4      | Reached skill level 3 in Fighting
  1249 | D:4      | Noticed a scorpion
  1250 | D:4      | 1250 ||| INVOKING Spit Poison.
  1252 | D:4      | Killed a scorpion
  1253 | D:4      | Reached XP level 5. HP: 39/49 MP: 5/5
  1372 | D:3      | 1372 ||| INVOKING Spit Poison.
  1377 | D:3      | 1377 ||| INVOKING Spit Poison.
  1382 | D:3      | 1382 ||| INVOKING Spit Poison.
  1386 | D:3      | 1386 ||| INVOKING Spit Poison.
  1423 | D:3      | 1423 ||| INVOKING Spit Poison.
  1426 | D:3      | HP: 6/49 [suicidal targeting (8)]
  1427 | D:3      | 1427 ||| INVOKING Spit Poison.
  1428 | D:3      | Shot themself with an arrow

Levels and vault maps discovered:
D:1:      scummos_arrival_star, layout_basic, serial_shops,
          nicolae_lakefront_shop, chequers_serial_rivers_small_b,
          solitary_fountain
D:2:      layout_loops_cross, serial_shops, shop_statue, uniq_jessica,
          uniq_terence
D:3:      layout_basic
D:4:      layout_basic, slow_altar_1, minmay_temple_entry_arrows, uniq_grinder,
          uniq_menkaure
Temple:   eino_wide_crystal_templ

Skill      XL: |  1  2  3  4 |
---------------+-------------+-----
Ranged Weapons | 4 5 |  5.6
Fighting       | 3 |  3.1
Dodging        | |  1.5
Stealth        | |  1.5

Action                     |  1- 3 |  4- 6 || total
---------------------------+-------+-------++-------
   Fire: Shortbow          |    61 |    31 ||    92
Ability: Spit Poison       |    28 |    12 ||    40
    Use: Scroll            |     7 |     1 ||     8
 Armour: Leather armour    |    10 |     7 ||    17
  Dodge: Dodged            |    17 |    19 ||    36

Table legend:
 A = Non-vault XP
 B = Vault XP
 C = Vault XP percentage of total XP
 D = Non-vault monster count
 E = Vault monster count
 F = Vault count percentage of total count
                 A         B        C        D         E       F
            +---------+---------+-------+---------+---------+-------
      Total |     241 |      18 |   6.9 |      44 |       1 |   2.2
            +---------+---------+-------+---------+---------+-------
        D:1 |      60 |       0 |   0.0 |      23 |       0 |   0.0
        D:2 |      38 |       0 |   0.0 |      14 |       0 |   0.0
        D:3 |      22 |       0 |   0.0 |       4 |       0 |   0.0
        D:4 |     121 |      18 |  12.9 |       3 |       1 |  25.0
            +---------+---------+-------+---------+---------+-------
